 Dungeon Crawl Stone Soup version 0.24-a0-181-gd121a6d (webtiles) character file.

Game seed: 401493436476549147

60 Lanoc the Chopper (level 3, 0/35 HPs)
             Began as a Troll Gladiator on Mar 14, 2019.
             Slain by a phantom (7 damage)
             ... on level 2 of the Dungeon.
             The game lasted 00:01:11 (532 turns).

Lanoc the Chopper (Troll Gladiator)                  Turns: 532, Time: 00:01:12

Health: 0/35       AC:  6    Str: 22    XL:     3   Next: 82%
Magic:  2/2        EV: 10    Int:  4    God:
Gold:   44         SH:  0    Dex: 12    Spells: 2/2 levels left

rFire    . . .     SeeInvis .   a - +0 war axe
rCold    . . .     Gourm    +   (no shield)
rNeg     . . .     Faith    .   b - +0 robe
rPois    .         Spirit   .   c - +0 hat
rElec    .         Reflect  .   (no cloak)
rCorr    .         Harm     .   (gloves unavailable)
MR       .....                  (boots unavailable)
Stlth    +.........             (no amulet)
HPRegen  0.51/turn              h - ring of wizardry
MPRegen  0.08/turn              (no ring)

@: no status effects
A: large, unfitting armour, claws 3, fast metabolism 3, gourmand, regeneration
1, shaggy fur 1, tough skin 3
a: no special abilities


You were on level 2 of the Dungeon.
You were very full.

You visited 1 branch of the dungeon, and saw 2 of its levels.

You collected 44 gold pieces.

Inventory:

Hand Weapons
 a - a +0 war axe (weapon)
Missiles
 d - 3 throwing nets (quivered)
Armour
 b - a +0 robe (worn)
 c - a +0 hat (worn)
Jewellery
 h - a ring of wizardry (left claw)
Scrolls
 g - a scroll of identify {unknown}
Potions
 e - a potion of curing {unknown}
Comestibles
 f - 4 rations
 i - a chunk of flesh


   Skills:
 + Level 2.1 Fighting
 * Level 3.3 Axes
 - Level 1.7 Throwing
 + Level 2.8 Dodging


You had 2 spell levels left.
You didn't know any spells.
Your spell library was empty.

Dungeon Overview and Level Annotations

Branches:
Dungeon (2/15)

Altars:
Gozag


Innate Abilities, Weirdness & Mutations

You are too large for most types of armour.
You have claws for hands.
Your metabolism is lightning-fast.
You like to eat raw meat.
Your natural rate of healing is unusually fast.
You are covered in fur. (AC +1)
You have extremely tough skin. (AC +3)


Message History

The phantom hits you!
You closely miss the phantom.
The phantom blinks!
You barely miss the phantom. The phantom hits you.
The phantom blinks!
You barely miss the phantom. The phantom hits you.
You miss the phantom. The phantom hits you! The phantom barely misses you.
You are too injured to fight recklessly!
You are too injured to fight recklessly!
You are too injured to fight recklessly!
You are too injured to fight recklessly!
You hit the phantom.
The phantom is lightly damaged.
The phantom hits you!
* * * LOW HITPOINT WARNING * * *
You miss the phantom.
The phantom is lightly damaged.
The phantom closely misses you.
You miss the phantom.
The phantom is lightly damaged.
The phantom hits you!
You die...

#........#####+####
...............#
##♣♣♣♣♣♣♣#####.#
#.# #.# #.# #.#
#.########
#.####..@W.$..# .#
#........####.# .#
##.......# .#
#.$....<.# .#
##.......# ♣#
#.......# P
#........# ♣♣
#......#.#
#.........


You could see a phantom.

Vanquished Creatures
  3 adders (D:2)
  2 oozes
  A dart slug (D:1)
  3 giant cockroaches
  5 goblins
  4 jackals (D:2)
  2 kobolds
  A frilled lizard (D:2)
  2 rats
23 creatures vanquished.

Notes
Turn   | Place    | Note
-------+----------+-------------------------------------------
     0 | D:1      | Lanoc the Troll Gladiator began the quest for the Orb.
     0 | D:1      | Reached XP level 1. HP: 19/19 MP: 0/0
   276 | D:1      | Reached XP level 2. HP: 28/28 MP: 1/1
   296 | D:2      | Found an opulent altar of Gozag.
   396 | D:2      | Reached skill level 3 in Axes
   396 | D:2      | Reached XP level 3. HP: 29/35 MP: 2/2
   520 | D:2      | Noticed a phantom
   532 | D:2      | Slain by a phantom

Levels and vault maps discovered:
D:1:      psy_arrival_radial02, layout_basic
D:2:      lemuel_upstairs_altar, layout_basic, serial_forest,
          infiniplex_forest_clump_double, infiniplex_forest_pool,
          infiniplex_forest_lined_2, infiniplex_forest_clump_cross,
          infiniplex_forest_pool, infiniplex_forest_end_double,
          infiniplex_forest_straight_5, first_ration, nicolae_gozag_seed_capital

Skill      XL: |  1  2 |
---------------+-------+-----
Fighting       | 2 |  2.1
Axes           | 3 |  3.3
Throwing       | |  1.7
Dodging        | |  2.8

Action                   || total
-------------------------++-------
Melee: War axe           ||    50
 Stab: Sleeping          ||     2
  Eat: Chunk             ||    10
Armor: Robe              ||    20
Dodge: Dodged            ||    21

Table legend:
 A = Non-vault XP
 B = Vault XP
 C = Vault XP percentage of total XP
 D = Non-vault monster count
 E = Vault monster count
 F = Vault count percentage of total count
                 A         B        C        D         E       F
            +---------+---------+-------+---------+---------+-------
      Total |      87 |       0 |   0.0 |      23 |       0 |   0.0
            +---------+---------+-------+---------+---------+-------
        D:1 |      20 |       0 |   0.0 |       7 |       0 |   0.0
        D:2 |      67 |       0 |   0.0 |      16 |       0 |   0.0
            +---------+---------+-------+---------+---------+-------
